 Dungeon Crawl Stone Soup version 0.32-a0-900-g30fb1b0edc (webtiles) character file.

Game seed: 13258446757093487457

55464 freelancePsychic the Bludgeoner (level 14, -19/130 HPs)
             Began as a Mountain Dwarf Cinder Acolyte on Apr 5, 2024.
             Was an Elder of Sif Muna.
             Demolished by a titanic slime creature (94 damage)
             ... on level 13 of the Dungeon.
             The game lasted 00:48:24 (28823 turns).

freelancePsychic the Bludgeoner (MDCA)             Turns: 28823, Time: 00:48:24

Health: -19/130    AC: 18    Str: 17    XL:     14   Next: 38%
Magic:  22/22      EV:  7    Int: 27    God:    Sif Muna [****..]
Gold:   729        SH: 12    Dex: 14    Spells: 5/15 levels left

rFire   + . .        R - +5 eveningstar (holy)
rCold   + + .        U - +1 kite shield {rC+}
rNeg    + + .        m - +0 scale mail
rPois   .            V - +2 helmet of Yteleud {rN+ Will+ Int+3 Dex+5}
rElec   .            p - +0 cloak {Stlth+}
rCorr   +            t - +2 pair of gloves
SInv    .            J - +0 pair of boots
Will    +++..        d - amulet "Afaff" {rN+ Will+ Regen+ Int+4}
Stlth   +            T - ring of Susami {rF+ rC+ rCorr Dex+4}
HPRegen 1.21/turn    j - +4 ring of protection
MPRegen 0.18/turn

%: no passive effects
@: studying Translocations
A: runic magic, artefact enchanting
a: Renounce Religion, Channel Magic, Forget Spell, Divine Exegesis


You were on level 13 of the Dungeon.
You worshipped Sif Muna.
Sif Muna was greatly pleased with you.
You visited 3 branches of the dungeon, and saw 19 of its levels.
You also visited: Ossuary, Gauntlet and Ice Cave.

You collected 1719 gold pieces.
You spent 990 gold pieces at shops.

Inventory:

Hand Weapons
 R - a +5 eveningstar of holy wrath (weapon)
Armour
 m - a +0 scale mail (worn)
 p - a +0 cloak of stealth (worn)
 t - a +2 pair of gloves (worn)
 J - a +0 pair of boots (worn)
 U - a +1 kite shield of cold resistance (worn)
 V - the +2 helmet of Yteleud (worn) {rN+ Will+ Int+3 Dex+5}
   (You found it in a Gauntlet)

   Int+3:     It affects your intelligence (+3).
   Dex+5:     It affects your dexterity (+5).
   rN+:       It protects you from negative energy.
   Will+:     It increases your willpower.
Magical Staves
 O - the staff "Kemym" {rPois Str+6 Hexes Alchemy}
   (You found it on level 8 of the Dungeon)

   [staff of alchemy]

   Base accuracy: +5 Base damage: 5 Base attack delay: 1.2 This weapon's minimum
   attack delay (0.6) is reached at skill level 12.
   Str+6:     It affects your strength (+6).
   rPois:     It protects you from poison.
   Hexes:     It increases the power of your Hexes spells.
   Alchemy:   It increases the power of your Alchemy spells.
   It falls into the 'Staves' category.
   It is a one-handed weapon.
Jewellery
 d - the amulet "Afaff" (around neck) {rN+ Will+ Regen+ Int+4}
   (You took it off a minotaur in a Gauntlet)

   [amulet of regeneration]

   Int+4:     It affects your intelligence (+4).
   rN+:       It protects you from negative energy.
   Will+:     It increases your willpower.
   Regen+:    It increases your rate of health regeneration.
 h - a ring of willpower
 i - a +4 ring of slaying
 j - a +4 ring of protection (right hand)
 v - a +6 ring of dexterity
 A - a +6 ring of dexterity
 H - the ring "Comesket" {Fly rF+ rC+ Dex-5 SInv}
   (You found it in an ice cave)

   [ring of protection from cold]

   Dex-5:     It affects your dexterity (-5).
   rF+:       It protects you from fire.
   rC+:       It protects you from cold.
   SInv:      It lets you see invisible.
   Fly:       It grants you flight.
 K - a ring of positive energy
 L - the ring of Desertification {+Blink rPois Str-5 SInv}
   (You found it in an ice cave)

   [ring of poison resistance]

   Str-5:     It affects your strength (-5).
   rPois:     It protects you from poison.
   SInv:      It lets you see invisible.
   +Blink:    It lets you blink.
 M - an amulet of guardian spirit
 P - a ring of magical power
 S - a ring of magical power
 T - the ring of Susami (left hand) {rF+ rC+ rCorr Dex+4}
   (You found it on level 5 of the Lair of Beasts)

   [ring of protection from cold]

   Dex+4:     It affects your dexterity (+4).
   rF+:       It protects you from fire.
   rC+:       It protects you from cold.
   rCorr:     It protects you from acid and corrosion.
 W - a +6 ring of intelligence
Wands
 r - a wand of digging (6)
 w - a wand of polymorph (7)
 x - a wand of paralysis (11)
 y - a wand of flame (45)
 I - a wand of light (2)
 X - a wand of iceblast (10)
Scrolls
 a - 2 scrolls of poison
 b - a scroll of silence
 k - 3 scrolls of noise
 n - 2 scrolls of revelation
 o - 7 scrolls of teleportation {@r4}
 s - 4 scrolls of amnesia
 u - 9 scrolls of vulnerability
 G - 3 scrolls of enchant armour
 Q - a scroll of blinking
 Y - a scroll of immolation
Potions
 c - 3 potions of attraction
 e - 2 potions of curing {@q1}
 f - a potion of mutation
 g - 4 potions of haste {@q3}
 l - a potion of invisibility
 q - 2 potions of heal wounds {@q2}
 z - 4 potions of degeneration
 B - 2 potions of cancellation
 C - 4 potions of brilliance {unknown}
 D - 2 potions of magic {unknown}
 E - 2 potions of might
 F - a potion of ambrosia {unknown}
 Z - 2 potions of enlightenment {unknown}
Miscellaneous
 N - a Gell's gravitambourine (2/2)


   Skills:
 + Level 13.7 Fighting
 - Level 16.0 Maces & Flails
 - Level 3.2 Polearms
 - Level 10.0 Shields
 - Level 1.0 Spellcasting
 - Level 7.3 Conjurations
 - Level 5.4 Fire Magic
 + Level 10.5 Earth Magic
 * Level 11.8 Invocations


You had 5 spell levels left.
You knew the following spells:

 Your Spells              Type           Power      Damage    Failure   Level
a - Stone Arrow           Conj/Erth      98%        3d13      2%          3
b - Scorch                Fire           60%        2d7       4%          2
c - Lee's Rapid Deconstr  Erth           27%        3d15*     12%         5

Your spell library contained the following spells:

 Spells                   Type           Power      Damage    Failure   Level
 Magic Dart               Conj           100%       1d8       1%          1
 Passwall                 Erth           55%        N/A       1%          3
 Sting                    Conj/Alch      84%        1d8       7%          1
 Apportation              Tloc           2%         N/A       30%         1
 Necrotise                Necr           4%         1d4       30%         1
 Summon Small Mammal      Summ           4%         N/A       30%         1
 Volatile Blastmotes      Fire/Tloc      32%        2d12      30%         3
 Animate Armour           Summ/Erth      58%        N/A       34%         4
 Leda's Liquefaction      Alch/Erth      14%        N/A       34%         4
 Petrify                  Alch/Erth      29%        N/A       34%         4
 Blink                    Tloc           2%         N/A       43%         2
 Call Imp                 Summ           2%         N/A       43%         2
 Lesser Beckoning         Tloc           2%         N/A       43%         2
 Sublimation of Blood     Necr           1%         N/A       43%         2
 Fireball                 Conj/Fire      17%        3d9       54%         5
 Maxwell's Portable Pile  Tloc           1%         2d(5-13)  67%         3
 Teleport Other           Tloc           1%         N/A       67%         3
 Irradiate                Conj/Alch      10%        3d15      88%         5
 Cause Fear               Hex            0%         N/A       97%         4
 Vhi's Electric Charge    Tloc/Air       2%         N/A       97%         4
 Bombard                  Conj/Erth      24%        9d5       77%         6
 Permafrost Eruption      Ice/Erth       14%        2x4d4     99%         6
 Lehudib's Crystal Spear  Conj/Erth      24%        10d7      100%        8
 Chain Lightning          Conj/Air       10%        3d14      100%        9
 Dragon's Call            Summ           0%         N/A       100%        9
 Fire Storm               Conj/Fire      17%        8d5       100%        9
 Shatter                  Erth           27%        3d23*     100%        9


Dungeon Overview and Level Annotations

Branches:
Dungeon (13/15)            Temple (1/1) D:7            Lair (5/5) D:8
 Shoals (0/4) Lair:2        Snake (0/4) Lair:3       Vaults (0/5) D:13
Ossuary (visited)           IceCv (visited)         Gauntlet (visited)
  Slime: Lair:4-5       Orc: D:9-12

Altars:
Ashenzari
Cheibriados
Dithmenos
Elyvilon
Fedhas
Gozag
Hepliaklqana
Kikubaaqudgha
Makhleb
Nemelex Xobeh
Okawaru
Qazlal
Ru
Sif Muna
Trog
Uskayaw
Vehumet
Wu Jian
Xom
Yredelemnul
Zin
The Shining One
Jiyva

Shops:
D:5 ((:   D:10 **[[   D:13 [

Portals:
Hell: Lair:5

Annotations:
Lair:4 exclusion: 2 oklob plants


Innate Abilities, Weirdness & Mutations

Your spellcasting is much less encumbered by armour.
You can use scrolls of enchantment on lesser artefacts.


Message History

You are too injured to fight recklessly!
You are too injured to fight recklessly!
You are too injured to fight recklessly!
You are too injured to fight recklessly!
You are too injured to fight recklessly!
You are too injured to fight recklessly!
You are too injured to fight recklessly!
You are too injured to fight recklessly!
You are too injured to fight recklessly!
You are too injured to fight recklessly!
You are too injured to fight recklessly!
You are too injured to fight recklessly!
You are too injured to fight recklessly!
You are too injured to fight recklessly!
You are too injured to fight recklessly!
You are too injured to fight recklessly!
You are too injured to fight recklessly!
You are too injured to fight recklessly!
You are too injured to fight recklessly!
You are too injured to fight recklessly!
You are too injured to fight recklessly!
You are too injured to fight recklessly!
You are too injured to fight recklessly!
You are too injured to fight recklessly!
You are too injured to fight recklessly!
You are too injured to fight recklessly!
You are too injured to fight recklessly!
You are too injured to fight recklessly!
You are too injured to fight recklessly!
You are too injured to fight recklessly!
You are too injured to fight recklessly!
You are too injured to fight recklessly!
You are too injured to fight recklessly!
You are too injured to fight recklessly!
You are too injured to fight recklessly!
Okay, then.
The titanic slime creature attacks as it pursues you!
The titanic slime creature hits you!!!!
Ouch! That really hurt!
You die...

########...#......#######
#...#......#
#####......##
#.......#######
#.............#
#.............#
###+#.#.#.#....#
#######.........†....#
.........J@.#.###†...#
######.......#∩.....#
##..##..#.#.....##
#.[###.........##
........## #.........#
##.>.#### #.........# #..
#.........# #.
#......#### .. #......#


You could see a titanic slime creature.

Vanquished Creatures
  Nessos (D:12)
  A minotaur (Gauntlet)
  8 hydras
  A hell beast (Gauntlet)
  3 centaur warriors
  3 boulder beetles
  3 two-headed ogres
  A death yak (Lair:5)
  Nergalle (Lair:1)
  A sixfirhy (Lair:5)
  An arcanist (Lair:5)
  A deep elf archer (D:10)
  A lindwurm (Lair:5)
  A deep elf pyromancer (D:13)
  2 ugly things
  2 manticores (D:10)
  A salamander (Lair:3)
  A wolf spider (shapeshifter) (D:13)
  A cyclops (D:9)
  3 black mambas
  3 ice statues (IceCv)
  3 orange demons (Lair:5)
  7 rime drakes
  5 cane toads
  8 komodo dragons
  An anaconda simulacrum (IceCv)
  2 freezing wraiths
  A kobold demonologist (D:10)
  A red devil (Lair:5)
  An ice devil (Lair:5)
  3 trolls
  A hellwing (Lair:5)
  A troll (shapeshifter) (D:13)
  12 polar bears
  Prince Ribbit (D:6)
  13 blink frogs
  Grinder (D:6)
  7 dream sheep (Lair:5)
  A culicivora (shapeshifter) (D:13)
  5 slime creatures
  A centaur simulacrum (D:13)
  25 yaks
  A vampire (D:13)
  A dire elephant simulacrum (IceCv)
  3 wraiths
  9 wyverns
  A shadow (D:12)
  18 fire elementals
  4 basilisks
  A fire bat (Gauntlet)
  3 steam dragons
  Menkaure (D:7)
  8 vampire mosquitoes
  A harpy simulacrum (IceCv)
  12 water moccasins
  4 acid dragons
  5 hell hounds
  A laughing skull (D:8)
  An ice beast (D:8)
  A sky beast (D:8)
  11 black bears
  A meliai simulacrum (D:10)
  5 orc warriors
  2 ogres
  15 wolves
  4 centaurs
  A weeping skull (Ossuary)
  2 kobold brigands
  Blork the orc (D:6)
  5 bullfrogs
  3 elf zombies (Ossuary)
  3 scorpions
  2 gnoll sergeants
  A cane toad simulacrum (IceCv)
  2 burial acolytes (Ossuary)
  7 wights
  An elephant simulacrum (IceCv)
  13 killer bees
  3 vampire bats (D:11)
  12 howler monkeys
  3 lava snakes (Lair:3)
  3 bombardier beetles
  A hound (D:5)
  A gnoll bouda (D:10)
  3 jellies
  8 orc priests
  Crazy Yiuf (D:2)
  21 orc wizards
  Natasha (thrice) (D:4)
  4 iguanas
  12 hell rats (Lair:2)
  2 polar bear simulacra (IceCv)
  A wolf simulacrum (IceCv)
  A hound zombie (Ossuary)
  2 mummies (Ossuary)
  Robin (D:2)
  17 gnolls
  8 adders
  A shadow imp (D:6)
  A white imp (D:5)
  A ribbon worm (D:4)
  A dart slug (D:1)
  35 orcs
  7 bats
  4 bat skeletons (D:11)
  A bat zombie (D:11)
  2 endoplasms
  5 giant cockroaches
  A gnoll zombie (Ossuary)
  12 goblins
  8 hobgoblins
  5 jackals (D:1)
  12 kobolds
  10 quokkas
  6 ball pythons
  5 frilled lizards
  8 orc zombies (Ossuary)
  A rat (D:3)
527 creatures vanquished.

Vanquished Creatures (others)
  19 foxfires
19 creatures vanquished.

Grand Total: 546 creatures vanquished

Notes
Turn   | Place    | Note
-------+----------+-------------------------------------------
     0 | D:1      | freelancePsychic the Mountain Dwarf Cinder Acolyte began
                  | the quest for the Orb.
     0 | D:1      | Reached XP level 1. HP: 19/19 MP: 2/2
   133 | D:1      | Reached XP level 2. HP: 23/26 MP: 3/3
   136 | D:1      | Learned a level 2 spell: Scorch
   776 | D:2      | Reached XP level 3. HP: 33/33 MP: 1/4
   862 | D:2      | Found a shadowy altar of Dithmenos.
   905 | D:2      | Noticed Robin
   926 | D:2      | Killed Robin
  1224 | D:2      | Reached XP level 4. HP: 41/41 MP: 5/5
  1256 | D:2      | Found a runed translucent door.
  1257 | D:2      | Noticed Crazy Yiuf
  1266 | D:2      | HP: 1/39 [Crazy Yiuf/+4 quarterstaff of chaos (3)]
  1267 | D:2      | Killed Crazy Yiuf
  1268 | D:2      | Reached skill level 5 in Fire Magic
  1689 | D:3      | Found a snail-covered altar of Cheibriados.
  1735 | D:3      | Reached skill level 1 in Invocations
  1768 | D:3      | Reached XP level 5. HP: 31/47 MP: 2/6
  2267 | D:3      | Reached skill level 5 in Fighting
  2338 | D:3      | Found a sacrificial altar of Ru.
  3071 | D:4      | Reached skill level 1 in Earth Magic
  3127 | D:4      | Reached skill level 1 in Conjurations
  3197 | D:4      | Found a shimmering altar of Xom.
  3209 | D:4      | Reached XP level 6. HP: 56/56 MP: 4/7
  3527 | D:4      | Found a shimmering altar of Xom.
  3616 | D:4      | Noticed Natasha
  3625 | D:4      | Killed Natasha
  3881 | D:4      | Noticed Natasha
  3887 | D:4      | Killed Natasha
  3888 | D:4      | Reached XP level 7. HP: 60/61 MP: 2/9
  3953 | D:4      | Found a sparkling altar of Nemelex Xobeh.
  3972 | D:4      | Noticed Natasha
  3977 | D:4      | Killed Natasha
  4377 | D:4      | Learned a level 3 spell: Stone Arrow
  4563 | D:5      | Entered Level 5 of the Dungeon
  4566 | D:5      | Found a white marble altar of Elyvilon.
  4609 | D:5      | Found Wineomi's Book Shop.
  4609 | D:5      | Found Vuaf Kor's Antique Weapon Shop.
  4611 | D:5      | Found Fotit's Antique Weapon Shop.
  4766 | D:5      | Found a sand-covered staircase.
  4778 | Ossuary  | Entered an ossuary
  5085 | Ossuary  | Reached XP level 8. HP: 70/70 MP: 4/11
  5616 | D:5      | Reached skill level 5 in Earth Magic
  5813 | D:5      | Identified the +4 robe "Peilo" {rC+ Archmagi}
  6594 | D:6      | Reached skill level 5 in Invocations
  6795 | D:6      | Noticed Prince Ribbit
  6807 | D:6      | Killed Prince Ribbit
  6808 | D:6      | Reached skill level 5 in Conjurations
  7255 | D:6      | Reached XP level 9. HP: 78/78 MP: 7/13
  7711 | D:6      | Found a shadowy altar of Dithmenos.
  7734 | D:6      | Noticed Grinder
  7788 | D:6      | Paralysed by Grinder for 3 turns
  7796 | D:6      | Killed Grinder
  7825 | D:6      | Noticed Blork the orc
  7879 | D:6      | Killed Blork the orc
  8067 | D:7      | Found a staircase to the Ecumenical Temple.
  8270 | D:7      | Reached skill level 1 in Maces & Flails
  8377 | D:7      | Noticed Menkaure
  8389 | D:7      | Killed Menkaure
  8390 | D:7      | Reached skill level 2 in Maces & Flails
  8717 | D:7      | Noticed a two-headed ogre
  8755 | D:7      | Killed a two-headed ogre
  8756 | D:7      | Reached skill level 4 in Maces & Flails
  9146 | D:8      | Found a staircase to the Lair.
  9358 | D:8      | Reached XP level 10. HP: 75/88 MP: 14/14
  9601 | D:8      | Noticed a two-headed ogre
  9606 | D:8      | Killed a two-headed ogre
  9607 | D:8      | Reached skill level 5 in Maces & Flails
  9825 | D:8      | Noticed a centaur warrior
  9826 | D:8      | Noticed a purple ugly thing
  9827 | D:8      | Noticed a boulder beetle
  9829 | D:8      | Noticed a boulder beetle
 10518 | D:7      | Reached skill level 6 in Maces & Flails
 10742 | D:8      | Noticed a two-headed ogre
 11009 | D:8      | Killed a centaur warrior
 11010 | D:8      | Reached skill level 7 in Maces & Flails
 11451 | D:8      | Identified the staff "Kemym" {rPois Str+6 Hexes Alchemy}
 11480 | D:7      | Killed a purple ugly thing
 11481 | D:7      | Reached skill level 8 in Maces & Flails
 11527 | D:7      | Killed a boulder beetle
 11528 | D:7      | Reached skill level 9 in Maces & Flails
 12070 | D:9      | Reached XP level 11. HP: 84/93 MP: 3/15
 12192 | D:9      | Killed a two-headed ogre
 12588 | D:5      | Bought a glowing eveningstar for 450 gold pieces
 12788 | D:10     | Entered Level 10 of the Dungeon
 12866 | D:10     | Found Kupsour's Assorted Antiques.
 13064 | D:10     | Bought a white potion for 27 gold pieces
 13079 | D:10     | Found a hazy altar of Hepliaklqana.
 13132 | D:10     | Found Zete's Armour Emporium.
 13222 | D:10     | Found Fyixurun's Armour Shop.
 13224 | D:10     | Found Jyon's General Store.
 13395 | D:10     | Reached skill level 10 in Maces & Flails
 13395 | D:10     | Reached skill level 1 in Shields
 13938 | D:10     | Noticed a centaur warrior
 13949 | D:10     | Killed a centaur warrior
 13950 | D:10     | Reached skill level 10 in Fighting
 14079 | D:10     | Identified the +0 helmet "Jaosy" {+Blink MP-9 Str+3 Int+2}
 14130 | D:10     | Paralysed by an orc wizard for 2 turns
 14140 | D:9      | Reached skill level 11 in Maces & Flails
 14363 | D:10     | Noticed a deep elf archer
 14945 | D:10     | Noticed a centaur warrior
 14958 | D:10     | Killed a centaur warrior
 15074 | D:10     | Killed a deep elf archer
 15075 | D:10     | Reached skill level 12 in Maces & Flails
 15784 | D:11     | You fall into a shaft and drop 2 floors!
 15794 | D:13     | Identified the +4 quarterstaff of Ligur {flame, rF+ Dex+3}
 15810 | D:13     | Noticed a deep elf pyromancer
 15823 | D:13     | Killed a deep elf pyromancer
 15824 | D:13     | Reached skill level 5 in Shields
 15824 | D:13     | Reached XP level 12. HP: 67/108 MP: 16/16
 15944 | D:12     | Noticed Nessos
 16011 | D:11     | Found a gate leading to a gauntlet.
 16020 | Gauntlet | Entered a Gauntlet
 16020 | Gauntlet | Noticed a hell beast
 16020 | Gauntlet | Found a transporter.
 16020 | Gauntlet | Found a transporter.
 16141 | Gauntlet | Found a transporter.
 16144 | Gauntlet | Found a transporter.
 16146 | Gauntlet | Found a transporter.
 16154 | Gauntlet | Found a transporter.
 16154 | Gauntlet | Found a transporter.
 16220 | Gauntlet | Found a transporter.
 16230 | Gauntlet | Found a transporter.
 16230 | Gauntlet | Noticed a catoblepas
 16245 | Gauntlet | Found a transporter.
 16257 | Gauntlet | Found a transporter.
 16270 | Gauntlet | Found a transporter.
 16349 | Gauntlet | Identified the +2 helmet of Yteleud {rN+ Will+ Int+3 Dex+5}
 16363 | Gauntlet | Killed a hell beast
 16397 | Gauntlet | Identified the +1 longbow of Rubbish {drain, ^Fragile rN+
                  | Str+7}
 16572 | Gauntlet | Identified the amulet "Afaff" {rN+ Will+ Regen+ Int+4}
 16572 | Gauntlet | Noticed a minotaur
 16587 | Gauntlet | Killed a minotaur
 16588 | Gauntlet | Reached skill level 13 in Maces & Flails
 16849 | Lair:1   | Entered Level 1 of the Lair of Beasts
 16892 | D:7      | Killed a boulder beetle
 16927 | Temple   | Entered the Ecumenical Temple
 17037 | Temple   | Fell from the grace of Ignis
 17037 | Temple   | Became a worshipper of Sif Muna the Loreminder
 18124 | Lair:2   | Noticed a four-headed hydra
 18140 | Lair:2   | Killed a four-headed hydra
 18350 | Lair:3   | Found a staircase to the Snake Pit.
 18434 | Lair:3   | Reached * piety under Sif Muna
 18570 | Lair:3   | Reached skill level 14 in Maces & Flails
 19668 | Lair:2   | Reached ** piety under Sif Muna
 19705 | Lair:2   | Found a staircase to the Shoals.
 19839 | Lair:2   | Was forgiven by Ignis
 20446 | Lair:1   | Reached XP level 13. HP: 118/118 MP: 18/19
 20984 | Lair:1   | Noticed Nergalle
 20995 | Lair:1   | Killed Nergalle
 20996 | Lair:1   | Reached skill level 15 in Maces & Flails
 21546 | D:10     | Bought a +2 pair of gloves for 247 gold pieces
 22256 | Lair:4   | Found a viscous altar of Jiyva.
 23307 | Lair:5   | Entered Level 5 of the Lair of Beasts
 23412 | Lair:5   | Found a frozen archway.
 23421 | IceCv    | Entered an ice cave
 24189 | IceCv    | Identified the ring "Comesket" {Fly rF+ rC+ Dex-5 SInv}
 24191 | IceCv    | Identified the ring of Desertification {+Blink rPois Str-5
                  | SInv}
 24200 | IceCv    | Identified the staff of Quick Death {rPois Air Alchemy}
 24243 | Lair:5   | HP: 3/119 [blink frog (14)]
 24674 | Lair:5   | Reached skill level 16 in Maces & Flails
 24784 | Lair:5   | Reached *** piety under Sif Muna
 25021 | Lair:5   | Reached skill level 10 in Invocations
 25328 | Lair:5   | Learned a level 5 spell: Lee's Rapid Deconstruction
 25660 | Lair:5   | Found a burning altar of Makhleb.
 25695 | Lair:5   | Reached XP level 14. HP: 107/129 MP: 21/21
 25906 | Lair:5   | Found a gateway to Hell.
 25984 | Lair:5   | Identified the ring of Susami {rF+ rC+ rCorr Dex+4}
 26234 | Lair:5   | Reached **** piety under Sif Muna
 26238 | Lair:5   | Reached skill level 10 in Earth Magic
 27567 | D:11     | Found an ancient bone altar of Kikubaaqudgha.
 28050 | D:12     | Killed Nessos
 28584 | D:13     | Found Hextuun's Antique Armour Boutique.
 28591 | D:13     | Bought a glimmering chain mail for 266 gold pieces
 28591 | D:13     | Identified the +3 chain mail "Laza" {Rampage MP+9} (You
                  | bought it in a shop on level 13 of the Dungeon)
 28702 | D:13     | Found a gate to the Vaults.
 28709 | D:13     | Reached skill level 10 in Shields
 28823 | D:13     | Demolished by a titanic slime creature

Illustrated notes

Levels and vault maps discovered:
D:1:      enne_arrival_octagon_isle, layout_rooms, due_unseen_surprise
D:2:      layout_loops_ring, basic_altar, uniq_robin, uniq_crazy_yiuf_cottage
D:3:      minmay_door_path, layout_loops_corners, nicolae_ru_path_of_blood,
          mainiacjoe_overflow_tiny_flanked, grunt_decor_cap,
          minmay_misc_feat_doors
D:4:      wad_woods_stonehenge, layout_basic, lemuel_doored_altar,
          lemuel_coloured_pillars_altar, uniq_natasha
D:5:      layout_basic, mainiacjoe_overflow_concentric_impassable,
          mainiacjoe_ossuary_entry_dusty_tomb, st_stairs_14,
          nicolae_shop_distant_corner_stores
D:6:      layout_basic, kennysheep_mini_moat, chequers_hall_statues_wall_a,
          uniq_blork_the_orc, uniq_prince_ribbit1, uniq_grinder
D:7:      layout_cave_pools, minmay_temple_entry_antechambers, uniq_menkaure
D:8:      minmay_blocky_corners, layout_basic, lair_entry_dummy
D:9:      layout_roguey
D:10:     nzn_winding_woodlands_stair_cross [nzn_winding_woodlands_5x15_pockets,
          nzn_winding_woodlands_center_garden,
          nzn_winding_woodlands_5x15_pathside_ponds,
          nzn_winding_woodlands_hourglass, nzn_winding_woodlands_5x5_open_star,
          nzn_winding_woodlands_5x15_cabin,
          nzn_winding_woodlands_center_diamonds,
          nzn_winding_woodlands_5x15_parted], layout_basic,
          nicolae_hepliaklqana_hazy_memory, serial_shops,
          nicolae_shop_waterfront, shop, nicolae_shop_tiny_real_fake_doors, shop
D:11:     layout_loops_ring, gauntlet_entry_generic,
          hangedman_abyss_or_decor_slice, kennysheep_vampire_church
D:12:     layout_cave_pools, david_orc_5, minmay_misc_feat_four_crosses,
          uniq_nessos
D:13:     layout_basic, david_vaults_2, serial_shops,
          nicolae_shop_just_a_little_nook, special_room [special_room_bee],
          kennysheep_okawaru_gauntlet
Temple:   regret_index_temple_generic_petals
Lair:1:   layout_cellular_growth, uniq_nergalle
Lair:2:   layout_roguey, shoals_dummy_entry
Lair:3:   beast_lair_carwin_large_4, layout_gridlike,
          nicolae_snake_entry_warm_welcome, roderic_carrion_pond
Lair:4:   layout_layer_cave, minmay_slime_entry_oklob_enclosed
Lair:5:   evil_forest, layout_regular_city, portal_ice_cave_entry_pillars_2,
          lemuel_fruit_fields

Skill      XL: |  1  2  3  4  5  6  7  8  9 10 11 12 13 14 |
---------------+-------------------------------------------+-----
Fire Magic     | 4 5 |  5.4
Fighting       | 4 5 6 7 9 10 12 13 | 13.7
Invocations    | 1 2 3 4 5 6 8 10 11 | 11.8
Earth Magic    | 1 3 4 6 8 9 10 | 10.5
Conjurations   | 1 2 3 5 6 7 |  7.3
Maces & Flails | 4 9 12 14 16 | 16.0
Shields        | 5 7 9 10 | 10.0
Polearms       | |  3.2
Spellcasting   | |  1.0

Action                     |  1- 3 |  4- 6 |  7- 9 | 10-12 | 13-15 || total
---------------------------+-------+-------+-------+-------+-------++-------
  Melee: Spear             |   111 |    43 |       |       |       ||   154
         Trident           |       |    99 |   261 |   151 |       ||   511
         Eveningstar       |       |       |       |   331 |   476 ||   807
   Cast: Scorch            |    12 |    45 |    86 |    70 |     2 ||   215
         Stone Arrow       |       |       |    42 |   220 |   185 ||   447
 Invoke: Fiery Armour      |     1 |     1 |     4 |     3 |       ||     9
         Foxfire Swarm     |       |     1 |     1 |       |       ||     2
  Evoke: Wand              |       |     1 |     6 |     2 |     5 ||    14
         Gell's gravitambo |       |       |       |     2 |     2 ||     4
    Use: Scroll            |     1 |     4 |    11 |    15 |     9 ||    40
         Potion            |       |     2 |     3 |    10 |     4 ||    19
   Stab: Sleeping          |       |     1 |       |       |       ||     1
         Invisible         |       |       |       |     2 |       ||     2
         Paralysed         |       |       |       |       |     4 ||     4
 Armour: Robe              |    51 |    27 |       |       |       ||    78
         Scale mail        |       |    79 |   335 |   848 |   558 ||  1820
  Dodge: Dodged            |    55 |    58 |   151 |   340 |   179 ||   783
  Block: Buckler           |       |       |       |    25 |       ||    25
         Kite shield       |       |       |       |   190 |   351 ||   541

Table legend: (Time is in decaauts)
 A = Elapsed time spent in this place.
 B = Non-inter-level travel time spent in this place.
 C = Inter-level travel time spent in this place.
 D = Time resting spent in this place.
 E = Time spent auto-exploring this place.
 F = Levels seen in this place.
 G = Mean time per level.
                   A        B        C        D        E       F      G
               +--------+--------+--------+--------+--------+-----+--------+
         Total |  28789 |  27216 |   1573 |   2942 |  19700 |  22 | 1308.6 |
       Dungeon |  18139 |  17035 |   1104 |   1524 |  12666 |  13 | 1395.3 |
        Temple |    149 |     71 |     78 |      0 |     69 |   1 |  149.0 |
          Lair |   8361 |   7971 |    390 |    585 |   6236 |   5 | 1672.2 |
       Ossuary |    656 |    656 |      0 |      0 |    437 |   1 |  656.0 |
      Ice Cave |    801 |    801 |      0 |    552 |     14 |   1 |  801.0 |
      Gauntlet |    680 |    680 |      0 |    281 |    278 |   1 |  680.0 |
               +--------+--------+--------+--------+--------+-----+--------+

Top non-repeatable levels by time:
    D:10: 2795 daAuts
     D:8: 2400 daAuts
  Lair:5: 2351 daAuts
     D:6: 2281 daAuts
  Lair:4: 2022 daAuts
     D:4: 1740 daAuts
     D:7: 1546 daAuts
  Lair:3: 1345 daAuts
  Lair:1: 1339 daAuts
  Lair:2: 1302 daAuts
     D:3: 1258 daAuts
     D:9: 1153 daAuts
     D:5: 1106 daAuts
     D:2: 913 daAuts
    D:11: 848 daAuts
